 Dungeon Crawl Stone Soup version 0.21-a0-536-gdbbf329 (webtiles) character file.

121 kae the Insei (level 4, -2/37 HPs)
             Began as a Draconian Transmuter on Dec 14, 2017.
             Slain by a centaur (5 damage)
             ... on level 4 of the Dungeon.
             The game lasted 00:03:49 (3017 turns).

kae the Insei (Draconian Transmuter)                Turns: 3017, Time: 00:03:50

Health: -2/37      AC:  8    Str: 12    XL:     4   Next: 77%
Magic:  8/8        EV: 12    Int: 13    God:
Gold:   235        SH:  0    Dex: 13    Spells: 2/8 levels left

rFire    . . .     SeeInvis .   v - +0 war axe (elec)
rCold    . . .     Gourm    .   (no shield)
rNeg     + . .     Faith    .   (armour unavailable)
rPois    .         Spirit   .   (helmet restricted)
rElec    .         Reflect  .   (no cloak)
rCorr    +         Harm     .   (no gloves)
MR       .....                  l - +2 pair of boots
Stlth    +.........             (no amulet)
HPRegen  0.12/turn              j - ring of positive energy
MPRegen  0.11/turn              t - ring of resist corrosion

@: no status effects
A: unfitting armour, cold-blooded, AC +5
a: no special abilities


You were on level 4 of the Dungeon.
You were not hungry.

You visited 1 branch of the dungeon, and saw 4 of its levels.

You collected 235 gold pieces.

Inventory:

Hand Weapons
 i - a +0 mace
 v - a +0 war axe of electrocution (weapon)
Missiles
 a - 7 arrows
Armour
 l - a +2 pair of boots (worn)
Jewellery
 j - a ring of positive energy (left hand)
 n - an uncursed ring of flight
 p - an uncursed amulet of rage
 t - a ring of resist corrosion (right hand)
 y - an uncursed ring of protection from fire
Scrolls
 e - a scroll of remove curse
Potions
 h - a potion of flight {unknown}
 k - 3 potions of haste
 m - a potion of heal wounds {unknown}
 o - a potion of degeneration {unknown}
 q - a potion of resistance {unknown}
 r - a potion of curing {unknown}
 s - a potion of ambrosia {unknown}
Books
 b - a book of Changes

   Spells                             Type                      Level
   a - Beastly Appendage              Transmutation                1
   b - Sticks to Snakes               Transmutation                2
   c - Spider Form                    Transmutation/Poison         3
   d - Ice Form                       Ice/Transmutation            4
   e - Blade Hands                    Transmutation                5
Comestibles
 c - a bread ration
 d - 5 fruits
 f - 3 meat rations
 g - 3 royal jellies


   Skills:
 + Level 2.3 Fighting
 - Level 1.7 Dodging
 * Level 4.1 Unarmed Combat
 + Level 2.7 Spellcasting
 + Level 2.8 Transmutations


You had 2 spell levels left.
You knew the following spells:

 Your Spells              Type           Power        Failure   Level  Hunger
a - Beastly Appendage     Tmut           #.....       8%          1    #......
b - Sticks to Snakes      Tmut           #.......     11%         2    ###....
c - Spider Form           Tmut/Pois      #.........   36%         3    ###....


Dungeon Overview and Level Annotations

Branches:
Dungeon (4/15)
 Temple: D:4-7

Altars:
Cheibriados
Dithmenos
Fedhas


Innate Abilities, Weirdness & Mutations

Your plain brown scales are hard. (AC +5)
You cannot fit into any form of body armour.
You are cold-blooded and may be slowed by cold attacks.


Message History

No target in view!
No target in view!
No target in view!
A centaur comes into view.
The centaur shouts!
The centaur wields a shortbow.
The centaur shoots an arrow.
The arrow hits you.
You see here an arrow.
A centaur is nearby!
A centaur is nearby!
A centaur is nearby!
The centaur shoots an arrow.
The arrow barely misses you.
You see here an arrow.
You start resting.
The centaur shoots an arrow.
The arrow hits you!
The centaur shoots an arrow.
The arrow hits you!!
* * * LOW HITPOINT WARNING * * *
You see here 2 arrows.
The centaur unwields an uncursed shortbow.
The centaur hits you.
You die...

...# #...# #.... ...## ##
....# #c.c#.
....#..........# ###.....#
...........##...##........
<.....#....# #....(.#
.....###...# ##..(###
....## #...# #..## ....#
#...# #c.# ....# #...#
#.@########. ....####...##
#..(........
...(.##.....###...........
.....##†....##..######....
......#.....#...# ##.
...............##
###...........##
#............#
#.......##...#


You could see a centaur.

Vanquished Creatures
  A gnoll (D:1)
  2 adders
  3 worms
  3 dart slugs
  3 leopard geckos
  9 orcs
  2 ball pythons
  4 bats
  5 giant cockroaches
  5 goblins
  7 hobgoblins
  5 jackals (D:1)
  5 frilled lizards
  5 kobolds
  8 rats
67 creatures vanquished.

Vanquished Creatures (collateral kills)
  A ball python (D:3)
1 creature vanquished.

Grand Total: 68 creatures vanquished

Notes
Turn   | Place    | Note
-------+----------+-------------------------------------------
     0 | D:1      | kae the Draconian Transmuter began the quest for the Orb.
     0 | D:1      | Reached XP level 1. HP: 16/16 MP: 3/3
   313 | D:1      | Reached XP level 2. HP: 23/23 MP: 1/5
   384 | D:1      | HP: 1/23 [jackal (2)]
   905 | D:1      | Reached XP level 3. HP: 29/29 MP: 6/6
  1048 | D:2      | Found a snail-covered altar of Cheibriados.
  1275 | D:2      | Learned a level 2 spell: Sticks to Snakes
  1279 | D:2      | Learned a level 3 spell: Spider Form
  1919 | D:3      | Found a shadowy altar of Dithmenos.
  1943 | D:3      | Reached XP level 4. HP: 36/36 MP: 7/7
  2321 | D:3      | Reached skill level 4 in Unarmed Combat
  2324 | D:3      | Found a blossoming altar of Fedhas.
  3007 | D:4      | Noticed a centaur
  3017 | D:4      | Slain by a centaur

Vault maps used:
D:1:      dpeg_arrival_lava_temple_mockup
D:2:      lemuel_crystal_altar
D:3:      lemuel_crystal_altar, fedhas_altar_2
D:4:      makhleb_blood_cavern_becter

Skill      XL: |  1  2  3  4 |
---------------+-------------+-----
Fighting       | 2 |  2.3
Unarmed Combat | 4 |  4.1
Dodging        | |  1.7
Spellcasting   | |  2.7
Transmutations | |  2.8

Action                   |  1- 3 |  4- 6 || total
-------------------------+-------+-------++-------
Melee: Unarmed           |    74 |       ||    74
       Tailslap          |     9 |    15 ||    24
       Kick              |     5 |       ||     5
       Mace              |    83 |    30 ||   113
       Headbutt          |     2 |     2 ||     4
       War axe           |       |    59 ||    59
       Punch             |       |     2 ||     2
 Cast: Beastly Appendage |    13 |     3 ||    16
       Sticks to Snakes  |     4 |     1 ||     5
  Use: Scroll            |     3 |     6 ||     9
       Potion            |     1 |       ||     1
 Stab: Sleeping          |     1 |       ||     1
  Eat: Chunk             |     4 |     4 ||     8
Armor: Skin              |    71 |    33 ||   104
Dodge: Dodged            |   139 |    66 ||   205

Table legend:
 A = Spawn XP
 B = Non-spawn XP
 C = Spawn XP percentage of total XP
 D = Spawn monster count
 E = Non-spawn monster count
 F = Spawn count percentage of total count
 G = Total turns spent on level
                    A         B        C        D         E        F      G
               +---------+---------+-------+---------+---------+-------+---------
         Total |       0 |     174 |   0.0 |       0 |      68 |   0.0 |  3017
               +---------+---------+-------+---------+---------+-------+---------
           D:1 |       0 |      55 |   0.0 |       0 |      25 |   0.0 |  1044
           D:2 |       0 |      39 |   0.0 |       0 |      15 |   0.0 |   872
           D:3 |       0 |      60 |   0.0 |       0 |      25 |   0.0 |   913
           D:4 |       0 |      20 |   0.0 |       0 |       3 |   0.0 |   188
               +---------+---------+-------+---------+---------+-------+---------
